Unix NetHack Version 5.0.0-0 post-release - last build Jul 19 2026 19:10:59 (3aa4ab31751d3886436d94b585a96704892fd477,branch:main).

Game began 2026-07-30 07:20:46, ended 2026-07-30 13:04:00.

Anarchos, lawful female dwarven Valkyrie

                              --------
                            ---.|....|
                            |......`.|----------
                            |.-...-``|.|.......|
                            |.``-......|.......|
                            |.-....|c@.|.......|
                            |....-.--d-|...<...|
                            |..........|.......|
                            |.--...|...|.......|--
                            |....-.|---|.......-.|
                            ---....------------|.|
                              |...>^............^|
                              --------------------

Anarchos the Fighter        St:18/01 Dx:12 Co:19 In:8 Wi:9 Ch:10  Lawful
Dlvl:5  $:194 HP:0(89) Pw:14(14) AC:9  Xp:8 T:5985 

Latest messages:
 The dog bites it.
 The dog misses it.
 The dog bites it.
 It misses the dog.
 It hits the dog.
 The dog misses it.
 The dog bites it.
 It misses the dog.
 It misses the dog.
 The dog misses it.
 The dog misses it.
 The dog misses it.
 The dog misses it.
 The dog bites it.
 It misses the dog.
 It hits the dog.
 The dog misses it.
 The dog bites it.
 Your dog eats a gray unicorn corpse.
 Click!  The dog triggers a rolling boulder trap.
 The dog drops a unicorn horn.
 Click!  The dog triggers a rolling boulder trap.
 Click!  The dog triggers a rolling boulder trap.
 Click!  The dog triggers a rolling boulder trap.
 Click!  The dog triggers a rolling boulder trap.
 Click!  The dog triggers a rolling boulder trap.
 Click!  The dog triggers a rolling boulder trap.
 The dog picks up a unicorn horn.
 The dog drops a unicorn horn.
 The dog picks up a unicorn horn.
 The dog drops a unicorn horn.
 You swap places with your dog.
 R - a unicorn horn.
 Click!  You trigger a rolling boulder trap!
 No boulder was released.
 What do you want to use or apply? [dekwABEFMPRUYZ or ?*] R
 Nothing happens.
 You swap places with your large dog.
 You hit the red mold.
 You kill the red mold!
 n - a red mold corpse.
 v - a potion of sleeping.
 What do you want to eat? [gjmnquzIOTVX or ?*] n
 This red mold corpse tastes okay.
 You finish eating the red mold corpse.
 The cockatrice bites!
 The cockatrice touches you!
 You hit the cockatrice!
 You turn to stone...
 Do you want your possessions identified? [ynq] (y) q

Inventory:
 Coins    ('$')
  $ - 194 gold pieces
 Amulets  ('"')
  t - an uncursed amulet of reflection (being worn)
 Weapons  (')')
  s - 6 +0 elven arrows
  h - 11 +0 orcish arrows
  y - 6 +0 silver arrows
  b - a +0 dagger
  a - a +1 dwarvish spear
  C - 2 +0 orcish daggers (at the ready)
  H - a +0 scimitar
 Armor    ('[')
  p - an uncursed thoroughly rusty +0 orcish helm (being worn)
  r - a cursed -4 pair of levitation boots
  c - an uncursed +0 small shield (being worn)
 Comestibles  ('%')
  T - an uncursed apple
  z - an uncursed cram ration
  u - 6 uncursed food rations
  V - 3 uncursed fortune cookies
  j - 2 uncursed lembas wafers
  I - an uncursed tripe ration
  X - 2 uncursed tins of pickled giant bat meat
  q - an uncursed egg
  m - an uncursed lichen corpse
  g - an uncursed male lizard corpse
  O - an uncursed female lizard corpse
 Scrolls  ('?')
  G - 2 uncursed scrolls of confuse monster
  W - 2 uncursed scrolls of earth
  D - an uncursed scroll of enchant weapon
  i - an uncursed scroll of scare monster
 Spellbooks  ('+')
  B - an uncursed spellbook of detect food
 Potions  ('!')
  f - an uncursed potion of booze
  K - an uncursed potion of gain ability
  v - a cursed potion of sleeping
 Rings    ('=')
  o - an uncursed ring of fire resistance (on left hand)
  l - a cursed ring of polymorph
  S - an uncursed ring of warning
 Wands    ('/')
  e - a wand of cancellation (0:6)
  E - a wand of cold (0:8)
  U - a wand of cold (0:6)
  F - a wand of digging (0:4)
  w - a wand of locking (0:6)
  A - a wand of make invisible (0:6)
  Y - a wand of make invisible (0:5)
  M - a wand of secret door detection (0:14)
  P - a wand of sleep (0:5)
  d - a wand of slow monster (0:5)
 Tools    ('(')
  k - an uncursed credit card
  Z - an uncursed leash
  R - a +0 unicorn horn
 Gems/Stones  ('*')
  x - 2 uncursed worthless pieces of blue glass

Anarchos the Valkyrie's attributes:

Background:
 You were a Fighter, a level 8 dwarven Valkyrie.
 You were lawful, on a mission for Tyr
 who was opposed by Odin (neutral) and Loki (chaotic).
 You were right-handed.
 You were in Sokoban, on level 5.
 You entered the dungeon 5985 turns ago.
 There was a full moon in effect when your adventure ended.
 You had 1358 experience points, 1202 more were needed to attain level 9.

Basics:
 You had 0 out of 89 hit points.
 You had all 14 energy points (spell power).
 Your armor class was 9.
 Your wallet contained 194 zorkmids.
 Autopickup was on for all types.

Final Characteristics:
 Your strength was 18/01 (limit:18/100).
 Your dexterity was 12 (limit:20).
 Your constitution was 19 (limit:20).
 Your intelligence was 8 (limit:16).
 Your wisdom was 9 (limit:16).
 Your charisma was 10 (limit:16).

Final Status:
 You weren't hungry.
 You were unencumbered.
 You were bare handed.
 You were unskilled in bare handed combat.

Final Attributes:
 You were piously aligned.
 You were fire resistant.
 Your items were protected from fire.
 You were cold resistant.
 You had infravision.
 You were stealthy.
 You were fast.
 You had reflection.
 You were lucky.
 You are dead.

Miscellaneous:
 You didn't encounter any bones levels.
 Total elapsed playing time was 1 hour, 22 minutes and 14 seconds.

Major events:
 Turn
    1: Anarchos the lawful dwarven Valkyrie entered the dungeon
  876: attained the rank of Skirmisher (level 3)
 3495: entered Sokoban
 3682: attained the rank of Fighter (level 6)
 3762: completed 1st Sokoban level
 4130: completed 2nd Sokoban level
 4704: completed 3rd Sokoban level
 5985: petrified by a cockatrice

You didn't know any spells.

Skills:
 Fighting Skills
   bare handed combat [Unskilled]
   two weapon combat  [Unskilled]
   riding             [Unskilled]
 Weapon Skills
   dagger             [Basic]
   axe                [Unskilled]
   pick-axe           [Unskilled]
   short sword        [Unskilled]
   broadsword         [Unskilled]
   long sword         [Unskilled]
   two-handed sword   [Unskilled]
   saber              [Unskilled]
   hammer             [Unskilled]
   quarterstaff       [Unskilled]
   polearms           [Unskilled]
   spear              [Skilled]
   trident            [Unskilled]
   lance              [Unskilled]
   sling              [Unskilled]
 Spellcasting Skills
   attack spells      [Unskilled]
   escape spells      [Unskilled]

Voluntary challenges:
 Character rerolling was not enabled.
 You never genocided any monsters.
 You never polymorphed an object.
 You used no wishes.
 You did not violate any of the special Sokoban rules.
Achievements:
 You attained the rank of Skirmisher.
 You entered Sokoban.
 You attained the rank of Fighter.

 The Dungeons of Doom: levels 1 to 8
    Level 1:
    Level 2:
       A sink.
    Level 3:
       Many altars.
    Level 4:
       A fountain.
    Level 5:
    Level 6:
       An altar.
    Level 7:
    Level 8:
       An altar to Tyr, a fountain.
       Stairs up to Sokoban, level 7.
 Sokoban: levels 7 up to 4
    Level 4:
       Unsolved.
    Level 5: <- You were here.
       Solved.
       Final resting place for
          you, petrified by a cockatrice.
    Level 6:
       Solved.
    Level 7:
       Solved.


Vanquished creatures:
  a giant mimic
  a large mimic
  a small mimic
 an ettin mummy
  a quantum mechanic
  a python
 an ettin zombie
  2 giant beetles
  a black light
  a rust monster
  a yeti
  2 lizards
  a jaguar
  a gray unicorn
  a gnome mummy
 an ape
  a human zombie
  a rope golem
  3 soldier ants
  2 fire ants
  a quasit
 an orc shaman
  2 rock piercers
  a yellow light
  a shrieker
  a violet fungus
  2 giant ants
  2 floating eyes
  a kobold shaman
  3 hill orcs
  4 rothes
  a rabid rat
  a dwarf zombie
  2 wererats
  3 iguanas
 an acid blob
  2 coyotes
  2 gas spores
  2 manes
  a hobgoblin
  3 giant rats
  a brown mold
  a yellow mold
  2 green molds
  2 red molds
  a gnome zombie
  4 geckos
  3 jackals
  2 foxes
  3 kobolds
  2 goblins
  4 sewer rats
  4 grid bugs
  5 lichens
  5 newts
101 creatures vanquished.

No species were genocided or became extinct.

Game over:
                       ----------
                      /          \
                     /    REST    \
                    /      IN      \
                   /     PEACE      \
                  /                  \
                  |     Anarchos     |
                  |      194 Au      |
                  |  petrified by a  |
                  |    cockatrice    |
                  |                  |
                  |                  |
                  |       2026       |
                 *|     *  *  *      | *
        _________)/\\_//(\/(/\)/\//\/|_)_______

Farvel Anarchos the Valkyrie...

You turned to stone in Sokoban on dungeon level 5 with 6017 points,
and 194 pieces of gold, after 5985 moves.
You were level 8 with a maximum of 89 hit points when you turned to stone.

